 Dungeon Crawl Stone Soup version 0.21-a0-79-g04744e2 (webtiles) character file.

2371 Duffy the Martial Artist (level 9, -1/57 HPs)
             Began as an Octopode Transmuter on June 22, 2017.
             Was a Follower of Ashenzari.
             Slain by a red ugly thing (16 damage)
             ... on level 7 of the Dungeon.
             The game lasted 00:14:12 (9355 turns).

Duffy the Martial Artist (Octopode Transmuter)      Turns: 9355, Time: 00:14:13

Health: -1/57      AC:  1    Str: 10    XL:     9   Next: 45%
Magic:  9/13       EV: 16    Int: 15    God:    Ashenzari [*.....]
Gold:   417        SH:  0    Dex: 15    Spells: 3/12 levels left

rFire    . . .     SeeInvis .     - Unarmed
rCold    . . .     Gourm    .   (no shield)
rNeg     + . .     Faith    .   (helmet restricted)
rPois    .         Spirit   .   u - amulet of rage
rElec    .         Reflect  .   f - ring of stealth
rCorr    .         Harm     .   l - ring of positive energy
MR       .....                  (no ring)
Stlth    +++.......             (no ring)
HPRegen  0.19/turn              (no ring)
MPRegen  0.13/turn              (no ring)
                                (no ring)
                                (no ring)

@: very slightly contaminated
A: almost no armour, stealthy swim, amphibious, 8 rings, constrict 8, camouflage
1, gelatinous body 1
a: Curse Item, Scrying, Renounce Religion, Evoke Berserk Rage


You were on level 7 of the Dungeon.
You worshipped Ashenzari.
Ashenzari was aware of your devotion.
You were not hungry.

You visited 1 branch of the dungeon, and saw 8 of its levels.

You collected 417 gold pieces.

Inventory:

Missiles
 a - 144 arrows
Armour
 n - a +0 buckler
Jewellery
 f - a ring of stealth (left tentacle)
 l - a ring of positive energy (right tentacle)
 u - an amulet of rage (around mantle)
 H - an uncursed ring of ice
Wands
 k - a wand of lightning (11/15)
Scrolls
 e - 4 scrolls of teleportation
 g - a scroll of random uselessness {unknown}
 h - 2 scrolls of magic mapping
 j - a scroll of immolation {unknown}
 m - a scroll of amnesia
 o - a scroll of recharging
 s - a scroll of fog
 w - a scroll of noise {unknown}
 A - 5 scrolls of identify
 B - a scroll of blinking {unknown}
 C - a scroll of remove curse
Potions
 i - a potion of agility
 p - a potion of berserk rage
 q - a potion of flight
 r - 3 potions of heal wounds
 t - 2 potions of magic
 v - 3 potions of curing
 x - 2 potions of brilliance
 E - a potion of mutation {unknown}
 F - 2 potions of haste {unknown}
Books
 b - a book of Changes

   Spells                             Type                      Level
   a - Beastly Appendage              Transmutation                1
   b - Sticks to Snakes               Transmutation                2
   c - Spider Form                    Transmutation/Poison         3
   d - Ice Form                       Ice/Transmutation            4
   e - Blade Hands                    Transmutation                5
 y - a book of Minor Magic

   Spells                             Type                      Level
   a - Magic Dart                     Conjuration                  1
   b - Blink                          Translocation                2
   c - Call Imp                       Summoning                    2
   d - Slow                           Hexes                        2
   e - Conjure Flame                  Conjuration/Fire             3
   f - Mephitic Cloud                 Conjuration/Poison/Air       3
 D - a book of Geomancy

   Spells                             Type                      Level
   a - Sandblast                      Earth                        1
   b - Passwall                       Transmutation/Earth          2
   c - Stone Arrow                    Conjuration/Earth            3
   d - Petrify                        Transmutation/Earth          4
   e - Lee's Rapid Deconstruction     Earth                        5
Comestibles
 c - 2 bread rations
 d - a royal jelly
 z - a meat ration
 G - a chunk of flesh


   Skills:
 - Level 3.5 Fighting
 - Level 5.0 Dodging
 - Level 8.4 Unarmed Combat
 - Level 2.0 Spellcasting
 + Level 3.1 Transmutations
 - Level 2.3 Ice Magic
 - Level 2.5 Poison Magic
 - Level 6.5 Evocations


You had 3 spell levels left.
You knew the following spells:

 Your Spells              Type           Power        Failure   Level  Hunger
a - Spider Form           Tmut/Pois      #.........   21%         3    ###....
b - Ice Form              Ice/Tmut       #.......     56%         4    #####..
i - Sticks to Snakes      Tmut           ##......     9%          2    ###....


Dungeon Overview and Level Annotations

Branches:
Dungeon (8/15)             Temple (0/1) D:7
   Lair: D:8-11

Altars:
Ashenzari
Elyvilon
Fedhas
Hepliaklqana
Okawaru
Qazlal
Sif Muna
Zin

Portals:
Abyss: D:1***

Annotations:
D:3 exclusion: door
D:4 2 transporters


Innate Abilities, Weirdness & Mutations

You cannot wear most types of armour.
You are very stealthy in the water. (Stealth+)
You are amphibious.
You can wear up to eight rings at the same time.
You can use your tentacles to constrict eight enemies at once.
Your skin changes colour to match your surroundings (Stealth+).
Your rubbery body absorbs attacks. (AC +1, EV +1)


Message History

You hit the red ugly thing.
The red ugly thing looks as sick as possible!
The red ugly thing is severely wounded.
There is a stone staircase leading down here.
Remove which piece of jewellery? (? for menu, Esc to quit)
You remove your ring of ice.
The red ugly thing misses you.
You hit the red ugly thing but do no damage.
The red ugly thing looks as sick as possible!
The red ugly thing is severely wounded.
The red ugly thing misses you.
You bite the red ugly thing!
The red ugly thing looks as sick as possible!
The red ugly thing is almost dead.
You hit the red ugly thing but do no damage.
The red ugly thing looks as sick as possible!
The red ugly thing is almost dead.
Your transformation has ended.
The red ugly thing headbutts you!
You are engulfed in flames!!
The red ugly thing headbutts you!
You are engulfed in flames!
You die...

#.........(..######.#..#.......##
#......##....# #..#.#######...
...........).#######.#.##########
...[...####.......##.............
......####..####...###...........
.##...###..####.....###..........
###.#.#...## #.......##..........
....#...### #.......##..........
#.......######..@u..>............
#..................0.###########.
#.......######.....0.# ##
.....#### ####.......# # ..####
#..........# # ..#
#.........############# ..#
#...................... ..#
#.....################# ..#
#######


You could see a red ugly thing.

Vanquished Creatures
  A phantom (D:4)
  5 ice beasts
  2 sky beasts (D:6)
  An ogre (D:6)
  A black bear (D:6)
  3 centaurs
  Blork the orc (D:5)
  2 bullfrogs
  A scorpion (D:7)
  A water moccasin skeleton (D:4)
  4 hounds
  2 crimson imps
  A bullfrog skeleton (D:8)
  4 jellies
  6 orc wizards
  5 worker ants
  2 hound skeletons (D:6)
  2 worker ant zombies (D:5)
  3 gnolls (D:6)
  9 adders
  2 oozes (D:1)
  An adder skeleton (D:4)
  A worm (D:3)
  3 dart slugs
  6 leopard geckos
  22 orcs
  7 bats
  5 giant cockroaches
  7 goblins
  11 hobgoblins
  10 jackals
  A quokka (D:2)
  3 ball pythons (D:2)
  A ball python skeleton (D:5)
  A ball python zombie (D:6)
  5 frilled lizards
  10 kobolds
  An orc zombie (D:5)
  A quokka zombie (D:5)
  8 rats
  A plant (D:3)
163 creatures vanquished.

Notes
Turn   | Place    | Note
-------+----------+-------------------------------------------
     0 | D:1      | Duffy the Octopode Transmuter began the quest for the Orb.
     0 | D:1      | Reached XP level 1. HP: 13/13 MP: 3/3
    58 | D:1      | Reached XP level 2. HP: 19/19 MP: 5/5
   102 | D:1      | Learned a level 2 spell: Sticks to Snakes
   419 | D:1      | Reached XP level 3. HP: 25/25 MP: 6/6
  1254 | D:1      | Learned a level 3 spell: Spider Form
  1544 | D:2      | Reached XP level 4. HP: 31/31 MP: 7/7
  1637 | D:2      | Reached skill level 1 in Poison Magic
  2308 | D:2      | Found a blossoming altar of Fedhas.
  2652 | D:3      | Found an iron altar of Okawaru.
  2653 | D:3      | Found a stormy altar of Qazlal.
  2711 | D:3      | Found a shattered altar of Ashenzari.
  2713 | D:3      | Became a worshipper of Ashenzari the Shackled
  2735 | D:3      | Reached XP level 5. HP: 32/36 MP: 4/8
  2991 | D:3      | You fall through a shaft!
  3056 | D:4      | Found a transporter.
  3066 | D:4      | Found a transporter.
  3070 | D:4      | Found a white marble altar of Elyvilon.
  3439 | D:4      | Reached skill level 4 in Unarmed Combat
  3439 | D:4      | Reached XP level 6. HP: 40/42 MP: 5/9
  3763 | D:3      | Found a hazy altar of Hepliaklqana.
  4427 | D:4      | Reached * piety under Ashenzari
  4478 | D:5      | Entered Level 5 of the Dungeon
  4479 | D:5      | Noticed Blork the orc
  4495 | D:5      | Reached skill level 1 in Evocations
  4504 | D:5      | Killed Blork the orc
  4715 | D:5      | Found a deep blue altar of Sif Muna.
  4715 | D:5      | Found a glowing silver altar of Zin.
  4715 | D:5      | Noticed an ice beast
  4813 | D:5      | Reached XP level 7. HP: 46/46 MP: 10/10
  5161 | D:4      | Reached skill level 5 in Unarmed Combat
  6084 | D:4      | Reached skill level 5 in Dodging
  6084 | D:4      | Reached XP level 8. HP: 15/52 MP: 7/11
  6396 | D:4      | Learned a level 4 spell: Ice Form
  6599 | D:5      | Reached skill level 6 in Unarmed Combat
  7061 | D:6      | Reached skill level 5 in Evocations
  7409 | D:6      | Reached skill level 7 in Unarmed Combat
  7833 | D:6      | Reached XP level 9. HP: 56/57 MP: 13/13
  8179 | D:6      | Reached skill level 1 in Ice Magic
  8490 | D:7      | Reached skill level 8 in Unarmed Combat
  8887 | D:7      | Found a staircase to the Ecumenical Temple.
  9330 | D:7      | Noticed a white ugly thing
  9355 | D:7      | Slain by a red ugly thing

Vault maps used:
D:1:      minmay_arrival_glassed_features, st_stairs_14
D:2:      fedhas_altar_4
D:3:      minmay_goblin_kobold_castle, lemuel_crystal_altar,
          gammafunk_temple_overflow_forgotten
D:4:      gammafunk_steamed_eel, elyvilon_altar_5
D:5:      chequers_temple_overflow_statue_of_worship, first_bread,
          enter_ossuary_3, uniq_blork_the_orc
D:7:      minmay_temple_entry_statues_fountains
D:8:      grunt_potential

Skill      XL: |  1  2  3  4  5  6  7  8  9 |
---------------+----------------------------+-----
Fighting       | 2 3 |  3.5
Poison Magic   | 2 |  2.5
Dodging        | 3 5 |  5.0
Unarmed Combat | 4 5 7 8 |  8.4
Evocations     | 2 3 6 |  6.5
Ice Magic      | 2 |  2.3
Transmutations | 3 |  3.1
Spellcasting   | |  2.0

Action                   |  1- 3 |  4- 6 |  7- 9 || total
-------------------------+-------+-------+-------++-------
Melee: Unarmed           |    89 |   176 |   286 ||   551
       Constrict         |    21 |    24 |    19 ||    64
       Tentacles         |    17 |    20 |    18 ||    55
       Punch             |     1 |     3 |     5 ||     9
 Cast: Spider Form       |       |    15 |    27 ||    42
  Use: Scroll            |       |     6 |     6 ||    12
       Potion            |       |     1 |     1 ||     2
 Stab: Sleeping          |    12 |     9 |     8 ||    29
       Distracted        |     1 |       |     1 ||     2
  Eat: Chunk             |     2 |    11 |     9 ||    22
       Bread ration      |       |     1 |     1 ||     2
       Royal jelly       |       |       |     1 ||     1
Armor: Skin              |     2 |     9 |     9 ||    20
Dodge: Dodged            |    34 |   141 |   202 ||   377
